 Dungeon Crawl Stone Soup version 0.18.1-50-g88ac8fd (webtiles) character file.

479 Krapule the Sneak (level 7, -2/46 HPs)
             Began as a Halfling Assassin on Oct 10, 2016.
             Splashed by a jelly's acid (7 damage)
             ... on level 5 of the Dungeon.
             The game lasted 00:16:54 (3851 turns).

Krapule the Sneak (Halfling Assassin)               Turns: 3851, Time: 00:16:55

Health: -2/46      AC: -1    Str: 11    XL:     7   Next: 33%
Magic:  8/8        EV: 14    Int: 10    God:
Gold:   251        SH:  0    Dex: 18    Spells: 0 memorised, 6 levels left

rFire  . . .     SeeInvis .     a - +2 short sword (elec)
rCold  . . .     Gourm    .     h - +0 ring mail
rNeg   + . .     Faith    .     (shield restricted)
rPois  .         Spirit   .     (no helmet)
rElec  .         Dismiss  .     d - +0 cloak
rCorr  .         Reflect  .     (no gloves)
SustAt .         Harm     .     (no boots)
MR     .....                    y - amulet of rage
Stlth  +++.......               B - ring of flight
                                q - ring of positive energy

@: corroded, not resistant to hostile enchantments, fairly stealthy
A: mutation resistance 1
a: Evoke Berserk Rage, Evoke Flight


You were on level 5 of the Dungeon.
You were not hungry.

You visited 1 branch of the dungeon, and saw 5 of its levels.

You collected 251 gold pieces.

Inventory:

Hand Weapons
 a - a +2 short sword of electrocution (weapon)
 b - a +0 blowgun
 o - a +2 dagger
Missiles
 e - 17 poisoned needles
 f - 2 curare-tipped needles
 j - a throwing net (quivered)
Armour
 c - a +0 robe
 d - a +0 cloak (worn)
 h - a +0 ring mail (worn)
 w - a +0 shield
 H - a +0 pair of gloves
Jewellery
 q - a ring of positive energy (left hand)
 y - an amulet of rage (around neck)
 B - a ring of flight (right hand)
Wands
 D - a wand of lightning (5/15)
 F - a wand of polymorph (9/24)
Scrolls
 k - a scroll of identify
 r - 2 scrolls of enchant weapon {unknown}
 u - 3 scrolls of amnesia {unknown}
 x - a scroll of teleportation {unknown}
 E - a scroll of blinking {unknown}
Potions
 i - a potion of flight
 l - 3 potions of curing
 m - a potion of magic {unknown}
 n - a potion of heal wounds {unknown}
 p - a potion of mutation {unknown}
 t - 2 potions of lignification {unknown}
 v - a potion of might {unknown}
 z - 4 potions of agility
Comestibles
 g - 6 bread rations
 s - 2 beef jerkies
 A - a meat ration
 C - a slice of pizza


   Skills:
 + Level 3.3 Fighting
 + Level 4.0 Short Blades
 - Level 3.0 Throwing
 - Level 2.0 Armour
 + Level 3.1 Dodging
 + Level 5.4 Stealth
 + Level 2.5 Shields
 - Level 2.0 Evocations


You had 6 spell levels left.
You didn't know any spells.

Dungeon Overview and Level Annotations

Branches:
Dungeon (5/15)
 Temple: D:4-7

Altars:
Ashenzari
Cheibriados
Kikubaaqudgha
Pakellas
Ru
Trog
Xom
The Shining One

Shops:
D:5 :


Innate Abilities, Weirdness & Mutations

You are small and have problems with some larger weapons.
You are somewhat resistant to further mutation.


Message History

The jelly is heavily wounded.
The jelly barely misses you.
You hit the jelly.
Your hands burn!
The jelly is severely wounded.
The jelly closely misses you.
You barely miss the jelly.
The jelly is severely wounded.
The jelly hits you.
You are splashed with acid!
The acid corrodes you!
The acid burns!
You hit the jelly but do no damage.
Your hands burn!
The jelly is severely wounded.
The jelly hits you.
You are splashed with acid!
The acid burns!
* * * LOW HITPOINT WARNING * * *
You hit the jelly.
Your hands burn!
* * * LOW HITPOINT WARNING * * *
The jelly is almost dead.
The jelly hits you.
* * * LOW HITPOINT WARNING * * *
You are splashed with acid!
The acid burns!
You die...

...... ....... #. .......
..... #. .......## #...###
.. ....$>.###.....# #.
#......##...#.# #.#
#......##...#.### #..
#...........#....
######.######...#........#
#.......J@..#...##.....#..
#.####.####.#............#
... #.#.##....##.... #.##.
#.#.##....##.... #
...#.#.#.##..........
.._.......#.....####..
#...#.#.##.(#.#... #.. ##S
#.#.# ........ . #.#
......


You could see a jelly.

Vanquished Creatures
  An ogre (D:4)
  A centaur zombie (D:5)
  2 hounds (D:4)
  An orc wizard (D:4)
  A centaur skeleton (D:5)
  An orc priest (D:5)
  A worker ant zombie (D:5)
  4 gnolls (D:4)
  6 adders
  An ooze (D:3)
  7 worms
  5 dart slugs
  2 giant geckos
  8 orcs
  9 bats
  6 giant cockroaches
  4 goblins
  3 hobgoblins
  A quokka (D:4)
  2 giant newts
  10 kobolds
  12 rats
88 creatures vanquished.

Notes
Turn   | Place    | Note
--------------------------------------------------------------
     0 | D:1      | Krapule the Halfling Assassin began the quest for the Orb.
     0 | D:1      | Reached XP level 1. HP: 14/14 MP: 1/1
   213 | D:1      | Found a glowing golden altar of the Shining One.
   421 | D:1      | Reached XP level 2. HP: 19/19 MP: 2/2
   509 | D:1      | You fall through a shaft!
   634 | D:2      | Reached XP level 3. HP: 10/24 MP: 3/3
  1085 | D:2      | Reached skill level 1 in Armour
  1285 | D:1      | Reached XP level 4. HP: 28/29 MP: 4/4
  1553 | D:2      | Found an oddly glowing altar of Pakellas.
  2166 | D:3      | Found a shimmering altar of Xom.
  2187 | D:3      | Reached skill level 1 in Evocations
  2267 | D:3      | Reached XP level 5. HP: 35/35 MP: 5/5
  2736 | D:3      | Noticed a moth of wrath
  2739 | D:3      | Found a bloodstained altar of Trog.
  2743 | D:3      | Reached skill level 1 in Shields
  3139 | D:4      | Reached XP level 6. HP: 41/41 MP: 7/7
  3146 | D:4      | Reached skill level 5 in Stealth
  3156 | D:4      | Found an ancient bone altar of Kikubaaqudgha.
  3262 | D:4      | Found a shattered altar of Ashenzari.
  3473 | D:4      | Noticed an ogre
  3487 | D:4      | Killed an ogre
  3487 | D:4      | Reached XP level 7. HP: 46/46 MP: 8/8
  3510 | D:4      | Found a snail-covered altar of Cheibriados.
  3568 | D:5      | Entered Level 5 of the Dungeon
  3568 | D:5      | Found Fobu's Book Shop.
  3830 | D:5      | Found a sacrificial altar of Ru.
  3851 | D:5      | Splashed by a jelly's acid

Skill      XL: |  1  2  3  4  5  6  7 |
---------------+----------------------+-----
Short Blades   | 3 4 |  4.0
Fighting       | 2 3 |  3.3
Armour         | 1 2 |  2.0
Evocations     | 1 2 |  2.0
Dodging        | 2 3 |  3.1
Shields        | 1 2 |  2.5
Stealth        | 5 |  5.4
Throwing       | 3 |  3.0

Action                   |  1- 3 |  4- 6 |  7- 9 || total
-------------------------+-------+-------+-------++-------
Melee: Dagger            |    13 |       |       ||    13
       Short sword       |    50 |   138 |    33 ||   221
 Fire: Blowgun           |       |     9 |       ||     9
  Use: Scroll            |       |     4 |       ||     4
 Stab: Sleeping          |     5 |     8 |     1 ||    14
  Eat: Chunk             |     1 |     7 |     1 ||     9
Armor: Ring mail         |    11 |    29 |     3 ||    43
Dodge: Dodged            |    25 |    70 |    15 ||   110
